Unix NetHack Version 5.0.0-0 post-release - last build May  4 2026 22:22:43 (774f63e81ad911689b3a0859ea89b322d5daca8d,branch:main).

Game began 2026-05-06 08:29:57, ended 2026-05-06 08:54:11.

01246791210, neutral male human Barbarian

                                                             #
                                                          ---.---     -----
                                                          |.....|     |.{.|
                  -----                                  #.......##  #f@..|
               ###-...-#                                 #|^....| ###`|...|
              ##  |...|#                                 #---.---    #..(.|
              #----...|####    ----------  -----------   #   #       #|..>|
              #|......|########|{.......-##|.........|   #   #       #|...|
              #|......|   #   `|......(.| #|.........| ###   #       #-|---
             ##|......|   #####-.......{| #|.........| #     #       # #
             ##-...----       #|........|##----...----##     #       #
           ####|...|          #---------- ####....|####      #       #
           # ##|...|          ####%#######   #|<..-#         #      ##
  ------ ####  -----                     #####-----          #      #
  |.....###                                  ####           ##      #
  |....|#                                    ##           --.-------#
  |....-#                                     ############.........|#
  |.[..|                                         #`#######|........|#
  ------                                                 #..........#
                                                          ----------

01246791210 the Pillager   St:18/02 Dx:16 Co:18 In:7 Wi:7 Ch:7  Neutral
Dlvl:3  $:24 HP:0(41) Pw:9(9) AC:7  Xp:4 T:2108 

Latest messages:
 Ouch!  That hurts!
 In what direction? 2
 Ouch!  That hurts!
 y - a food ration.
 z - a wire ring.
 You climb up the stairs.
 You hear someone counting gold coins.
 You hear someone counting gold coins.
 In what direction? 2
 Ouch!  That hurts!
 In what direction? 6
 Ouch!  That hurts!
 You miss the gas spore.
 You kill the gas spore!
 Boom!
 You are caught in the gas spore's explosion!
 In what direction? 6
 Ouch!  That hurts!
 In what direction? 4
 Ouch!  That hurts!
 Your movements are slowed slightly because of your load.
 Your leg feels better.
 Your movements are now unencumbered.
 You kill the large kobold!
 You hear someone counting gold coins.
 You miss the gecko.
 You kill the gecko!
 Welcome to experience level 4.
 You kill the grid bug!
 The kitten bites!
 The kitten bites!
 The grid bug bites!
 You get zapped!
 A board beneath the grid bug squeaks a B flat loudly.
 The kitten bites!
 The kitten bites!
 The kitten bites!
 The kitten bites!
 The kitten bites!
 The kitten bites!
 You hear a gurgling noise.
 You try to move the boulder, but in vain.
 The kitten bites!
 The kitten bites!
 You die...
 Do you want your possessions identified? [ynq] (y) n
 Do you want to see your attributes? [ynq] (y) n
 Do you want an account of creatures vanquished? [ynaq] (y) n
 Do you want to see your conduct and achievements? [ynq] (y) n
 Do you want to see the dungeon overview? [ynq] (y) n

Inventory:
 Coins    ('$')
  $ - 24 gold pieces
 Weapons  (')')
  h - 10 +0 arrows
  p - 8 +0 darts
  j - 2 +0 orcish daggers
  a - a +0 battle-axe (weapon in hands)
  i - a cursed +0 flail
  b - a +0 short sword (alternate weapon; not wielded)
 Armor    ('[')
  e - an uncursed +0 orcish helm
  w - an uncursed +0 orcish helm
  c - an uncursed +0 ring mail (being worn)
 Comestibles  ('%')
  y - an uncursed food ration
  q - a cursed food ration
  o - an uncursed tripe ration
  x - an uncursed lichen corpse
 Potions  ('!')
  f - a cursed potion of hallucination
  u - an uncursed potion of restore ability
 Rings    ('=')
  z - an uncursed ring of see invisible
 Wands    ('/')
  v - a cursed wand of teleportation (0:5)
 Tools    ('(')
  l - an uncursed tin whistle
 Gems/Stones  ('*')
  t - 2 uncursed worthless pieces of black glass
  r - 8 uncursed rocks
 Boulders/Statues  ('`')
  g - an empty uncursed statue of a grid bug
  m - an empty uncursed statue of an acid blob

01246791210 the Barbarian's attributes:

Background:
 You were a Pillager, a level 4 male human Barbarian.
 You were neutral, nominally on a mission for Crom
 who was opposed by Mitra (lawful) and Set (chaotic).
 You were left-handed.
 You were in the Dungeons of Doom, on level 3.
 You entered the dungeon 2108 turns ago.
 You had 82 experience points, 78 more were needed to attain level 5.

Basics:
 You had 0 out of 41 hit points.
 You had all 9 energy points (spell power).
 Your armor class was 7.
 Your wallet contained 24 zorkmids.
 Autopickup was off.

Final Characteristics:
 Your strength was 18/02 (limit:18/100).
 Your dexterity was 16 (limit:18).
 Your constitution was 18 (limit:18).
 Your intelligence was 7 (limit:18).
 Your wisdom was 7 (limit:18).
 Your charisma was 7 (limit:18).

Final Status:
 You weren't hungry.
 You were unencumbered.
 You were wielding an axe.
 You had basic skill with axe.

Final Attributes:
 You were piously aligned.
 You were poison resistant.
 You were warded.
 You are dead.

Miscellaneous:
 You didn't encounter any bones levels.
 Total elapsed playing time was 24 minutes and 13 seconds.

Major events:
 Turn
    1: 01246791210 the neutral male human Barbarian entered the dungeon
 1388: attained the rank of Pillager (level 3)
 2108: killed by a kitten

You didn't know any spells.

Skills:
 Fighting Skills
   bare handed combat [Basic]
   two weapon combat  [Unskilled]
   riding             [Unskilled]
 Weapon Skills
   dagger             [Unskilled]
   axe                [Basic]
   pick-axe           [Unskilled]
   short sword        [Basic]
   broadsword         [Unskilled]
   long sword         [Unskilled]
   two-handed sword   [Unskilled]
   saber              [Unskilled]
   club               [Unskilled]
   mace               [Unskilled]
   morning star       [Unskilled]
   flail              [Unskilled]
   hammer             [Unskilled]
   quarterstaff       [Unskilled]
   spear              [Unskilled]
   trident            [Unskilled]
   bow                [Unskilled]
 Spellcasting Skills
   attack spells      [Unskilled]
   escape spells      [Unskilled]

Voluntary challenges:
 Character rerolling was not enabled.
 You followed a strict vegan diet.
 You were an atheist.
 You were illiterate.
 You never genocided any monsters.
 You never polymorphed an object.
 You never changed form.
 You used no wishes.
Achievements:
 You attained the rank of Pillager.
 You entered a shop.

 The Dungeons of Doom: levels 1 to 4
    Level 1:
    Level 2:
    Level 3: <- You were here.
       Some fountains, a sink.
       Final resting place for
          you, killed by a kitten.
    Level 4:
       An armor shop.


Vanquished creatures:
  a giant bat
 an acid blob
  a gas spore
  a large kobold
  a hobgoblin
  a giant rat
  a red mold
  2 geckos
  a jackal
  a fox
  4 goblins
  a sewer rat
  2 grid bugs
  2 lichens
  4 newts
24 creatures vanquished.

No species were genocided or became extinct.

Game over:
                       ----------
                      /          \
                     /    REST    \
                    /      IN      \
                   /     PEACE      \
                  /                  \
                  |   01246791210    |
                  |      24 Au       |
                  |   killed by a    |
                  |      kitten      |
                  |                  |
                  |                  |
                  |       2026       |
                 *|     *  *  *      | *
        _________)/\\_//(\/(/\)/\//\/|_)_______

Goodbye 01246791210 the Barbarian...

You died in The Dungeons of Doom on dungeon level 3 with 500 points,
and 24 pieces of gold, after 2108 moves.
You were level 4 with a maximum of 41 hit points when you died.

